 Dungeon Crawl Stone Soup version 0.31-a0-210-gccc998df9b (webtiles) character file.

Game seed: 11959991813182493469

83 qw the Shooter (level 4, 0/26 HPs)
             Began as a Gargoyle Hexslinger on June 29, 2023.
             Slain by an orc
             ... wielding a +0 flail
              (5 damage)
             ... on level 3 of the Dungeon.
             The game lasted 00:00:34 (1722 turns).

qw the Shooter (Gargoyle Hexslinger)                Turns: 1722, Time: 00:00:34

Health: 0/26       AC:  9    Str: 18    XL:     4   Next: 44%
Magic:  5/5        EV: 11    Int: 13    God:
Gold:   63         SH:  0    Dex: 14    Spells: 4/5 levels left

rFire   . . .        Y - +1 sling
rCold   . . .        (no shield)
rNeg    + . .        b - +0 ring mail
rPois   inf          h - +0 helmet
rElec   +            (no cloak)
rCorr   .            (no gloves)
SInv    .            (no boots)
Will    .....        (no amulet)
Stlth   +            f - +6 ring of strength
HPRegen 0.24/turn    (no ring)
MPRegen 0.09/turn

%: no passive effects
@: about to teleport
A: sickness immunity, AC +3, negative energy resistance 1, electricity
resistance, torment resistance 1, petrification resistance
a: no special abilities


You were on level 3 of the Dungeon.
You visited 1 branch of the dungeon, and saw 3 of its levels.

You collected 63 gold pieces.


Innate Abilities, Weirdness & Mutations

You are immune to sickness and miasma.
Your stone body is resilient. (AC +3)
You are immune to poison.
You resist negative energy. (rN+)
You are resistant to electric shocks. (rElec)
You are resistant to unholy torment.
You are immune to petrification.


   Skills:
 - Level 2.0 Fighting
 + Level 4.0 Ranged Weapons
 - Level 1.0 Armour
 - Level 1.5 Dodging
 - Level 1.0 Spellcasting
 - Level 2.6 Hexes


You had 4 spell levels left.
You knew the following spells:

 Your Spells              Type           Power      Damage    Failure   Level
a - Slow                  Hex            28%        N/A       17%         1

Your spell library contained the following spells:

 Spells                   Type           Power      Damage    Failure   Level
 Inner Flame              Hex/Fire       4%         N/A       65%         3
 Portal Projectile        Hex/Tloc       8%         N/A       65%         3
 Cause Fear               Hex            3%         N/A       86%         4

Inventory:

Hand Weapons
 Y - a +1 sling (weapon)
Armour
 b - a +0 ring mail (worn)
 h - a +0 helmet (worn)
Jewellery
 f - a +6 ring of strength (left hand)
Scrolls
 k - a scroll of identify
Potions
 d - a potion of heal wounds
 e - a potion of lignification {unknown}
 j - 2 potions of might
 l - a potion of enlightenment {unknown}
 m - a potion of curing {unknown}
 n - a potion of ambrosia {unknown}
 o - a potion of haste {unknown}

Dungeon Overview and Level Annotations

Branches:
Dungeon (3/15)

Altars:

Annotations:
D:3 Terence


Message History

Terence hits you but does no damage. The kobold hits you but does no damage.
Terence hits you but does no damage. The kobold hits you but does no damage.
You shoot a sling bullet. The sling bullet hits Terence.
Terence is heavily wounded.
Terence barely misses you. The kobold hits you but does no damage.
You shoot a sling bullet.
The sling bullet closely misses Terence.
The sling bullet hits the orc but does no damage.
The kobold hits you but does no damage. Terence barely misses you.
You shoot a sling bullet.
The sling bullet closely misses Terence.
Terence hits you with a +0 hand axe. The orc barely misses you.
The kobold hits you but does no damage.
You shoot a sling bullet.
The sling bullet hits Terence but does no damage.
Terence is heavily wounded.
Terence barely misses you. The orc barely misses you.
The kobold hits you but does no damage. Terence hits you with a +0 hand axe.
The orc hits you but does no damage. The kobold closely misses you.
You shoot a sling bullet. The sling bullet hits Terence.
Terence is heavily wounded.
The kobold barely misses you. The orc hits you with a +0 flail.
Terence closely misses you.
You shoot a sling bullet. The sling bullet hits Terence.
Terence is heavily wounded.
Terence completely misses you. The orc hits you but does no damage.
The kobold hits you with a +0 dagger.
You shoot a sling bullet.
The sling bullet closely misses Terence.
Terence barely misses you. The orc closely misses you.
The kobold hits you but does no damage. Terence hits you with a +0 hand axe.
The kobold barely misses you. The orc misses you.
You shoot a sling bullet. The sling bullet barely misses Terence.
The kobold hits you with a +0 dagger. The orc closely misses you.
Terence hits you but does no damage.
1722 ||| READING scroll of teleportation.
As you read the scroll of teleportation, it crumbles to dust.
You feel strangely unstable. Terence barely misses you.
The orc hits you with a +0 flail.
You die...

##.......##
#..## ##.....##
#...# ##...##
###.# ##'# #.#
#. #.# ####.##
#.# ....... #.#
##...o########.#
#....@@.:......#
##...K.#########
...#.#..# . #
#..# ...# ...##
####


You could see Terence, an orc and a kobold.

Vanquished Creatures
  Jessica (D:2)
  2 adders
  A worm (D:2)
  A dart slug (D:2)
  An orc (D:3)
  4 bats
  3 endoplasms (D:2)
  4 goblins
  5 hobgoblins
  A kobold (D:1)
  2 quokkas
  3 ball pythons
  A frilled lizard (D:1)
  3 rats (D:2)
32 creatures vanquished.

Notes
Turn   | Place    | Note
-------+----------+-------------------------------------------
     0 | D:1      | qw the Gargoyle Hexslinger began the quest for the Orb.
     0 | D:1      | Reached XP level 1. HP: 12/12 MP: 2/2
     0 | D:1      | 0 ||| qw: Version: 0.3-a-24-ga2abf7b
     0 | D:1      | 0 ||| qw: Game counter: 6960
     0 | D:1      | 0 ||| qw: Melee chars always use a shield: true
     0 | D:1      | 0 ||| qw: God list: Okawaru
     0 | D:1      | 0 ||| qw: Allow faded altars: false
     0 | D:1      | 0 ||| qw: Do Orc after clearing Dungeon:15 true
     0 | D:1      | 0 ||| qw: Do second Lair branch before Depths: true
     0 | D:1      | 0 ||| qw: Lair rune preference: random
     0 | D:1      | 0 ||| qw: Goals: Normal
     0 | D:1      | 0 ||| PLANNING D:1-11
    64 | D:1      | Found a faded altar of an unknown god.
   228 | D:1      | Reached XP level 2. HP: 16/16 MP: 3/3
   750 | D:1      | 750 ||| UPGRADING to +0 helmet.
   755 | D:1      | 755 ||| UPGRADING to +6 ring of strength.
   756 | D:1      | 756 ||| READING scroll labelled CEIFRIT NAACE.
   757 | D:1      | 757 ||| READING scroll labelled WITES ZUIPTYG.
   760 | D:1      | 760 ||| READING 2 scrolls labelled NAIK QIKKYOCH.
   761 | D:1      | 761 ||| DROPPING scroll of poison.
   841 | D:2      | Identified the +3 scale mail of Fashionability {Dex+3}
   932 | D:2      | Reached skill level 3 in Ranged Weapons
   932 | D:2      | 932 ||| FLEEEEING.
   934 | D:2      | 934 ||| FLEEEEING.
   935 | D:2      | 935 ||| FLEEEEING.
  1071 | D:2      | Reached XP level 3. HP: 12/21 MP: 4/4
  1137 | D:2      | Noticed Jessica
  1139 | D:2      | Killed Jessica
  1237 | D:2      | Reached XP level 4. HP: 26/26 MP: 5/5
  1438 | D:2      | Reached skill level 4 in Ranged Weapons
  1589 | D:2      | 1589 ||| UPGRADING to +0 ring mail.
  1599 | D:2      | 1599 ||| DROPPING +0 robe.
  1600 | D:2      | 1600 ||| READING scroll labelled ROEZIURUM.
  1601 | D:2      | 1601 ||| DRINKING 2 murky black potions.
  1602 | D:2      | 1602 ||| DRINKING 3 sapphire potions.
  1603 | D:2      | 1603 ||| READING 2 scrolls of identify.
  1603 | D:2      | 1603 ||| IDENTIFYING inky potion
  1604 | D:2      | 1604 ||| DROPPING potion of brilliance.
  1666 | D:3      | Reached skill level 1 in Armour
  1705 | D:3      | Noticed Terence
  1721 | D:3      | HP: 5/26 [kobold/+0 dagger (2)]
  1722 | D:3      | 1722 ||| READING scroll of teleportation.
  1722 | D:3      | Slain by an orc

Levels and vault maps discovered:
D:1:      minmay_arrival_cross, layout_loops_ring,
          shapermc_ecumenical_altar_totnotflames, serial_glass, glass_columns_b,
          glass_columns_b
D:2:      layout_basic, minmay_pentomino_w2, uniq_jessica
D:3:      layout_loops_corners, mainiacjoe_overflow_alcove_4,
          grunt_ministairs_8, uniq_terence

Skill      XL: |  1  2  3  4 |
---------------+-------------+-----
Ranged Weapons | 3 4 |  4.0
Fighting       | 2 |  2.0
Armour         | 1 |  1.0
Dodging        | |  1.5
Spellcasting   | |  1.0
Hexes          | |  2.6

Action                     |  1- 3 |  4- 6 || total
---------------------------+-------+-------++-------
   Fire: Sling             |    67 |    51 ||   118
    Use: Scroll            |     3 |     3 ||     6
         Potion            |       |     2 ||     2
 Armour: Robe              |     7 |     6 ||    13
         Ring mail         |       |    17 ||    17
  Dodge: Dodged            |    20 |    26 ||    46

Table legend:
 A = Non-vault XP
 B = Vault XP
 C = Vault XP percentage of total XP
 D = Non-vault monster count
 E = Vault monster count
 F = Vault count percentage of total count
                 A         B        C        D         E       F
            +---------+---------+-------+---------+---------+-------
      Total |      75 |      44 |  37.0 |      29 |       3 |   9.4
            +---------+---------+-------+---------+---------+-------
        D:1 |      15 |       0 |   0.0 |       9 |       0 |   0.0
        D:2 |      38 |      44 |  53.7 |      15 |       3 |  16.7
        D:3 |      22 |       0 |   0.0 |       5 |       0 |   0.0
            +---------+---------+-------+---------+---------+-------
